 Dungeon Crawl Stone Soup version 0.30-a0-585-g93115170b9 (webtiles) character file.

Game seed: 5575825811364472810

5 OTABOTABOTAB the Firebug (level 1, -1/15 HPs)
             Began as a Naga Fire Elementalist on Jan 3, 2023.
             Slain by a quokka (5 damage)
             ... on level 1 of the Dungeon.
             The game lasted 00:01:13 (230 turns).

OTABOTABOTAB the Firebug (Naga Fire Elementalist)    Turns: 230, Time: 00:01:13

Health: -1/15      AC:  1    Str: 10    XL:     1   Next: 80%
Magic:  0/3        EV:  9    Int: 15    God:
Gold:   36         SH:  0    Dex: 11    Spells: 3/4 levels left

rFire   . . .      SeeInvis +    (no weapon)
rCold   . . .      Faith    .    (no shield)
rNeg    . . .      Spirit   .    a - +0 robe
rPois   +          Reflect  .    (no helmet)
rElec   .          Harm     .    (no cloak)
rCorr   .          Rampage  .    (no gloves)
Will    .....                    (no barding)
Stlth   ++                       (no amulet)
HPRegen 0.22/turn                (no ring)
MPRegen 0.08/turn                (no ring)

@: short of breath, very slow
A: AC +0, large, see invisible, deformed body, poison resistance, slowness 2,
spit poison 1, naga tail 1
a: Spit Poison


You were on level 1 of the Dungeon.
You visited 1 branch of the dungeon, and saw 1 of its levels.

You collected 36 gold pieces.

Inventory:

Hand Weapons
 b - a +0 hand axe
   (You found it on level 1 of the Dungeon)
Missiles
 s - 5 stones
Armour
 a - a +0 robe (worn)
Scrolls
 c - a scroll of identify {unknown}
Potions
 d - a potion of curing {unknown}
 e - a potion of might {unknown}
 M - a potion of magic


   Skills:
 - Level 1.5 Dodging
 - Level 3.0 Stealth
 + Level 2.1 Spellcasting
 + Level 1.2 Conjurations
 + Level 3.1 Fire Magic


You had 3 spell levels left.
You knew the following spells:

 Your Spells              Type           Power      Damage    Failure   Level
a - Foxfire               Conj/Fire      32%        2x1d5     9%          1

Your spell library contained the following spells:

 Spells                   Type           Power      Damage    Failure   Level
 Scorch                   Fire           22%        2d6       9%          2
 Inner Flame              Hex/Fire       6%         N/A       34%         3
 Kindle Blastsparks       Fire/Tloc/Air  8%         2d10      41%         3
 Flame Wave               Conj/Fire      8%         2d5       65%         4


Dungeon Overview and Level Annotations

Branches:
Dungeon (1/15)

Altars:


Innate Abilities, Weirdness & Mutations

Your serpentine skin is tough. (AC +0)
You have supernaturally acute eyesight. (SInv)
Armour fits poorly on your strangely shaped body.
Your system is resistant to poisons. (rPois)
You cover ground very slowly.
You can spit poison.
You have a snake-like lower body.


Message History

A bat is nearby!
Unknown command.
You conjure some foxfire!
You now have 2/3 mp.
Okay, then.
You conjure some foxfire!
The foxfire hits the bat.
You now have 1/3 mp.
The foxfire hits the bat.
The bat hits you.
You take 1 damage, and have 14/15 hp.
The bat hits you.
You take 1 damage, and have 13/15 hp.
You conjure some foxfire!
You now have 0/3 mp.
Aim: a bat (heavily wounded, ally target, 35% to hit)
The splash of poison misses the bat.
The foxfire hits the bat.
You kill the bat!
You have got your breath back.
An endoplasm comes into view.
The endoplasm quivers.
Health restored: 15; MP restored: 3 An endoplasm is nearby!
Aim: an endoplasm (96% to hit)
The splash of poison hits the endoplasm.
The endoplasm hits you.
You take 1 damage, and have 14/15 hp.
You hit the endoplasm but do no damage. The endoplasm closely misses you.
Health restored: 15 You conjure some foxfire!
The endoplasm hits you.
You take 2 damage, and have 13/15 hp.
You now have 2/3 mp.
You conjure some foxfire!
The foxfire hits the endoplasm.
You kill the endoplasm!
You now have 1/3 mp.
You have got your breath back.
Unknown command.
An endoplasm comes into view.
Health restored: 15; MP restored: 3 An endoplasm is nearby!
An endoplasm is nearby!
You conjure some foxfire!
You now have 2/3 mp.
You conjure some foxfire!
The foxfire hits the endoplasm.
The endoplasm quivers.
You now have 1/3 mp.
The foxfire hits the endoplasm.
You kill the endoplasm!
Unknown command.
Found a stone staircase leading down.
You now have 9 gold pieces.
MP restored: 3
b - a +0 hand axe
c - a scroll labelled ICVELE ROFRICIHI
s - 2 stones You now have 15 gold pieces (gained 6).
You now have 24 gold pieces (gained 9).
d - a sapphire potion You now have 36 gold pieces (gained 12).
e - a yellow potion
s - 5 stones (gained 3)
A quokka comes into view.
A quokka is nearby!
You conjure some foxfire!
You now have 2/3 mp.
You conjure some foxfire!
The foxfire hits the quokka.
You kill the quokka!
You now have 1/3 mp.
Unknown command.
A quokka comes into view.
MP restored: 3 A quokka is nearby!
You conjure some foxfire!
You now have 2/3 mp.
The foxfire hits the quokka but does no damage.
You conjure some foxfire!
The foxfire hits the quokka.
You now have 1/3 mp.
Unknown command.
You conjure some foxfire!
The quokka bites you.
You take 2 damage, and have 13/15 hp.
You now have 0/3 mp.
Really attack while wielding nothing?
You hit the quokka but do no damage. The quokka barely misses you.
Aim: a quokka (moderately wounded, 38% to hit)
The splash of poison misses the quokka.
The quokka bites you. The quokka closely misses you.
You take 1 damage, and have 12/15 hp.
You hit the quokka.
The quokka twitches its whiskers.
The quokka bites you.
You take 4 damage, and have 8/15 hp.
MASSIVE DAMAGE!!
You hit the quokka. The quokka bites you.
* * * LOW HITPOINT WARNING * * *
You take 4 damage, and have 4/15 hp.
MASSIVE DAMAGE!!
You barely miss the quokka. The quokka bites you.
You die...

....## .....##.
##...... ##..†..#
#....[# #...#
#######r######.#
#......#@.$...$#
##.#####.########
########...####.#
................#
.....###...######
####.....#.#
#####...# #####


You could see a quokka.

Vanquished Creatures
  A bat (D:1)
  2 endoplasms (D:1)
  A quokka (D:1)
4 creatures vanquished.

Vanquished Creatures (others)
  12 foxfires (D:1)
12 creatures vanquished.

Grand Total: 16 creatures vanquished

Notes
Turn   | Place    | Note
-------+----------+-------------------------------------------
     0 | D:1      | OTABOTABOTAB the Naga Fire Elementalist began the quest for
                  | the Orb.
     0 | D:1      | Reached XP level 1. HP: 15/15 MP: 3/3
   230 | D:1      | Slain by a quokka

Illustrated notes

Levels and vault maps discovered:
D:1:      dpeg_arrival_court, layout_loops_ring

Action                   || total
-------------------------++-------
Melee: Unarmed           ||     5
 Cast: Foxfire           ||    12
 Abil: Spit Poison       ||     3
Dodge: Dodged            ||     3

Table legend: (Time is in decaauts)
 A = Elapsed time spent in this place.
 B = Non-inter-level travel time spent in this place.
 C = Inter-level travel time spent in this place.
 D = Time resting spent in this place.
 E = Time spent auto-exploring this place.
 F = Levels seen in this place.
 G = Mean time per level.
                   A        B        C        D        E       F      G
               +--------+--------+--------+--------+--------+-----+--------+
         Total |    268 |    268 |      0 |      0 |    225 |   1 |  268.0 |
       Dungeon |    268 |    268 |      0 |      0 |    225 |   1 |  268.0 |
               +--------+--------+--------+--------+--------+-----+--------+

Top non-repeatable levels by time:
     D:1: 268 daAuts

Table legend:
 A = Kills in this place as a percentage of kills in entire the game.
 B = Kills by you in this place as a percentage of kills by you in the entire game.
 C = Kills by friends in this place as a percentage of kills by friends in the entire game.
 D = Other kills in this place as a percentage of other kills in the entire game.
 E = Experience gained in this place as a percentage of experience gained in the entire game.
 F = Experience gained in this place divided by the number of levels of this place that you have seen.
                   A       B       C       D       E      F
               +-------+-------+-------+-------+-------+----------------------
         Total | 100.0 | 100.0 |   N/A |   N/A | 100.0 |   8.0
       Dungeon | 100.0 | 100.0 |   N/A |   N/A | 100.0 |   8.0
               +-------+-------+-------+-------+-------+----------------------
